 Dungeon Crawl Stone Soup version 0.31-a0-542-gdc2a67831c (webtiles) character file.

Game seed: 12851627368022141405

14754 heikuro the Cleaver (level 12, -18/96 HPs)
             Began as a Formicid Fighter on Aug 15, 2023.
             Was an Elder of the Shining One.
             Killed from afar by Frances (37 damage)
             ... with an entropic shot
             ... on level 12 of the Dungeon.
             The game lasted 00:23:43 (11913 turns).

heikuro the Cleaver (Formicid Fighter)             Turns: 11913, Time: 00:23:44

Health: -18/96     AC: 24    Str: 35    XL:     12   Next: 49%
Magic:  16/18      EV:  6    Int: 20    God:    the Shining One [****..]
Gold:   821        SH: 21    Dex:  8    Spells: 11/11 levels left

rFire   . . .        a - +2 battleaxe
rCold   . . .        l - +1 kite shield "Purchite" {rCorr Str+2}
rNeg    + + .        j - +1 crystal plate armour "Efexatuw" {Str+7 Dex-5 SInv}
rPois   .            (helmet unavailable)
rElec   .            H - +1 cloak {Will+}
rCorr   +            (no gloves)
SInv    +            t - +0 pair of boots
Will    ++...        k - amulet of the acrobat Stlth
                     m - +6 ring of intelligence
HPRegen 0.36/turn    L - +6 ring of intelligence
MPRegen 0.16/turn

%: acrobat
@: mighty, divinely shielded, glowing
A: permanent stasis, dig shafts and tunnels, antennae 3, four strong arms
a: Dig, Shaft Self, Renounce Religion, Divine Shield, Cleansing Flame


You were on level 12 of the Dungeon.
You worshipped the Shining One.
The Shining One was greatly pleased with you.
You visited 1 branch of the dungeon, and saw 12 of its levels.
You also visited: Ossuary and Bailey.

You collected 821 gold pieces.

Inventory:

Hand Weapons
 a - a +2 battleaxe (weapon)
 b - a +1 dagger of venom
 K - a +3 scimitar of flaming
Missiles
 c - 6 curare-tipped darts
 i - 2 throwing nets
Armour
 j - the +1 crystal plate armour "Efexatuw" (worn) {Str+7 Dex-5 SInv}
   (You found it in a bailey)

   Str+7:     It affects your strength (+7).
   Dex-5:     It affects your dexterity (-5).
   SInv:      It lets you see invisible.
 l - the +1 kite shield "Purchite" (worn) {rCorr Str+2}
   (You found it on level 2 of the Dungeon)

   Str+2:     It affects your strength (+2).
   rCorr:     It protects you from acid and corrosion.
 t - a +0 pair of boots (worn)
 x - a +0 plate armour
 H - a +1 cloak of willpower (worn)
Jewellery
 k - an amulet of the acrobat (around neck)
 m - a +6 ring of intelligence (left hand)
 q - a ring of magical power
 L - a +6 ring of intelligence (right hand)
Wands
 e - a wand of charming (5)
 I - a wand of iceblast (2)
 J - a wand of digging (6)
Scrolls
 f - a scroll of poison {unknown}
 h - 2 scrolls of silence {unknown}
 r - a scroll of immolation {unknown}
 u - a scroll of brand weapon {unknown}
 v - 3 scrolls of noise {unknown}
 w - a scroll of fear {unknown}
 y - 2 scrolls of summoning {unknown}
 z - a scroll of amnesia {unknown}
 A - 8 scrolls of identify
 B - a scroll of enchant armour {unknown}
 F - 2 scrolls of revelation {unknown}
 G - 4 scrolls of teleportation {unknown}
Potions
 d - 3 potions of might
 g - 4 potions of enlightenment
 n - 4 potions of heal wounds
 o - a potion of brilliance
 p - 4 potions of curing
 s - a potion of cancellation
 C - a potion of mutation
 D - a potion of lignification
 E - a potion of attraction
 M - a potion of magic


   Skills:
 + Level 9.6 Fighting
 * Level 11.8 Axes
 + Level 9.6 Armour
 + Level 11.2 Shields
 + Level 8.5 Invocations


You had 11 spell levels left.
You didn't know any spells.
Your spell library contained the following spells:

 Spells                   Type           Power      Damage    Failure   Level
 Lesser Beckoning         Tloc           0%         N/A       100%        2
 Momentum Strike          Conj/Tloc      0%         3d8       100%        2
 Scorch                   Fire           0%         2d5       100%        2
 Ozocubu's Armour         Ice            0%         N/A       100%        3
 Volatile Blastmotes      Fire/Tloc      0%         2d10      100%        3
 Flame Wave               Conj/Fire      0%         2d4       100%        4
 Fulminant Prism          Conj/Hex       0%         3d5       100%        4
 Iskenderun's Mystic Bla  Conj/Tloc      0%         2d3       100%        4
 Metabolic Englaciation   Hex/Ice        0%         N/A       100%        5
 Simulacrum               Ice/Necr       0%         N/A       100%        6
 Summon Cactus Giant      Summ           0%         N/A       100%        6
 Ozocubu's Refrigeration  Ice            0%         4d7       100%        7
 Polar Vortex             Ice            0%         N/A       100%        9
 Blink                    Tloc           Unusable   N/A       N/A         2

Dungeon Overview and Level Annotations

Branches:
Dungeon (12/15)            Temple (0/1) D:7            Lair (0/5) D:9
    Orc (0/2) D:10        Ossuary (visited)          Bailey (visited)

Altars:
Fedhas
Kikubaaqudgha
Okawaru
Trog
The Shining One

Shops:
D:3 (

Annotations:
D:6 2 runed translucent doors
D:12 Frances


Innate Abilities, Weirdness & Mutations

You cannot be hasted, slowed, berserked, paralysed or teleported.
You can dig through walls and to a lower floor.
You have a pair of large antennae on your head. (SInv)
Your four strong arms can wield two-handed weapons with a shield.


Message History

The white ugly thing is heavily wounded.
The orange demon stings you but does no damage.
You block the white ugly thing's attack.
Unknown command.
You slash the white ugly thing!
The white ugly thing is heavily wounded.
You block the orange demon's attack.
The white ugly thing completely misses you.
Frances whispers indecipherable words.
Frances seems to speed up.
The orange demon stings you but does no damage.
The white ugly thing attacks as you move away!
The white ugly thing closely misses you.
The white ugly thing kicks you but does no damage.
You slice the white ugly thing!!
The white ugly thing is almost dead.
The white ugly thing kicks you! The white ugly thing freezes you!!
* * * LOW HITPOINT WARNING * * *
You slice the white ugly thing!!
You kill the white ugly thing!
You block the unseen horror's attack.
Frances mutters in a terrible tongue.
You block the shard of ice.
You feel very mighty all of a sudden.
Your shield is strengthened by the Shining One's divine power.
You block Frances's attack.
Frances says, "Warriors are made for war and combat.
Do you call yourself a warrior?" You block Frances's attack.
You completely miss Frances. You block Frances's attack. x2
Unknown command.
You barely miss Frances. You block Frances's attack.
Frances hits you but does no damage.
You hit Frances.
Frances is lightly wounded.
You block Frances's attack.
You barely miss Frances.
Frances is lightly wounded.
Frances mutters in a terrible tongue.
The entropic shot hits you!!!
You die...

##.. #.. .. #..
# ... .. # #..
#.#.##. # #.#
.#.#.4 #.# ...,
#)# #.#, ####
##.# #.# #)..
#.<# #######4#
#.## #.##
#..@@x44# #...
#.# #.#####.#
###> #.#
#.#####.# #. #.#
#.#.....# #. #.#
#.#.##### #. #.#
####....######.#
#. #.#
#..............#
#. #.#
#.##....########
#.
#.####.##.#.##
#.


You could see Frances (fast), an orange demon (summoned), a rust devil
(summoned), an unseen horror (invisible) and a red devil (summoned).

Vanquished Creatures
  3 two-headed ogres
  Erica (D:11)
  A boulder beetle (D:12)
  3 death yaks (D:9)
  An ugly thing (D:12)
  A gargoyle (D:10)
  Psyche (D:11)
  A komodo dragon (D:10)
  4 trolls
  A shadow (D:12)
  3 wyverns
  17 yaks
  2 acid dragons
  A water moccasin (D:7)
  10 orc warriors
  A black bear (D:5)
  2 sky beasts (D:7)
  2 ice beasts (D:6)
  3 ogres
  6 centaurs (D:11)
  3 phantoms
  A bullfrog (D:8)
  A gnoll sergeant (D:10)
  A scorpion (D:5)
  8 wights
  12 killer bees
  A howler monkey (D:9)
  A bullfrog zombie (Ossuary)
  A centaur zombie (Ossuary)
  8 orc priests
  3 hounds
  3 jellies
  4 iguanas
  3 scorpion zombies (Ossuary)
  2 hell rats (D:9)
  11 orc wizards
  8 gnolls
  A river rat (D:9)
  6 adders
  A shadow imp (D:6)
  A white imp (D:6)
  An ufetubus (D:5)
  7 adder zombies (Ossuary)
  2 dart slugs
  38 orcs
  8 endoplasms
  6 giant cockroaches
  10 hobgoblins
  2 jackals (D:5)
  2 quokkas
  6 ball pythons
  11 bats
  3 frilled lizards
  5 gnoll zombies (Ossuary)
  9 goblins
  2 goblin zombies (Ossuary)
  3 hobgoblin zombies (Ossuary)
  5 kobolds
  2 orc zombies (Ossuary)
  11 rats
277 creatures vanquished.

Notes
Turn   | Place    | Note
-------+----------+-------------------------------------------
     0 | D:1      | heikuro the Formicid Fighter began the quest for the Orb.
     0 | D:1      | Reached XP level 1. HP: 18/18 MP: 1/1
   135 | D:1      | Reached XP level 2. HP: 12/24 MP: 2/2
   468 | D:1      | Reached XP level 3. HP: 29/29 MP: 3/3
  1310 | D:2      | Identified the +1 kite shield "Purchite" {rCorr Str+2}
  1987 | D:3      | Reached XP level 4. HP: 37/37 MP: 4/4
  2242 | D:3      | Found Ypruhem's Antique Weapon Boutique.
  2309 | D:3      | Found a faded altar of an unknown god.
  2600 | D:4      | Reached XP level 5. HP: 20/42 MP: 5/5
  2704 | D:4      | Noticed a phantom
  2749 | D:4      | Killed a phantom
  2750 | D:4      | Reached skill level 5 in Shields
  2889 | D:4      | Noticed a phantom
  2902 | D:4      | Killed a phantom
  2903 | D:4      | Reached XP level 6. HP: 38/49 MP: 6/6
  3536 | D:5      | Entered Level 5 of the Dungeon
  3559 | D:5      | Reached XP level 7. HP: 52/55 MP: 7/7
  3651 | D:5      | Found a glowing golden altar of the Shining One.
  3683 | D:5      | Reached skill level 5 in Axes
  3789 | D:5      | Reached skill level 5 in Fighting
  3789 | D:5      | Found a bloodstained altar of Trog.
  3897 | D:5      | Reached skill level 5 in Armour
  4016 | D:5      | Became a worshipper of the Shining One
  4282 | D:5      | Reached XP level 8. HP: 51/62 MP: 8/8
  4467 | D:5      | Reached skill level 1 in Invocations
  4883 | D:6      | Found a runed translucent door.
  4899 | D:6      | Found a runed translucent door.
  5538 | D:6      | Reached XP level 9. HP: 59/69 MP: 11/11
  5702 | D:6      | Found a faded altar of an unknown god.
  5702 | D:6      | Found an ancient bone altar of Kikubaaqudgha.
  5710 | D:6      | Found a blossoming altar of Fedhas.
  5712 | D:6      | Found a faded altar of an unknown god.
  5714 | D:6      | Found an iron altar of Okawaru.
  5893 | D:7      | Reached * piety under the Shining One
  6018 | D:7      | Found a sand-covered staircase.
  6022 | Ossuary  | Entered an ossuary
  6087 | Ossuary  | Reached ** piety under the Shining One
  6145 | Ossuary  | Noticed a silent spectre
  6390 | D:7      | Found a staircase to the Ecumenical Temple.
  6753 | D:7      | Reached *** piety under the Shining One
  7107 | D:8      | Found a flagged portal.
  7126 | Bailey   | Entered a bailey
  7422 | Bailey   | Reached XP level 10. HP: 51/77 MP: 13/13
  7704 | Bailey   | Reached skill level 5 in Invocations
  7833 | Bailey   | Identified the +1 crystal plate armour "Efexatuw" {Str+7
                  | Dex-5 SInv}
  7964 | D:8      | Noticed a two-headed ogre
  7972 | D:8      | Killed a two-headed ogre
  8778 | D:9      | Noticed a two-headed ogre
  8789 | D:9      | Killed a two-headed ogre
  8797 | D:9      | Reached XP level 11. HP: 13/86 MP: 15/15
  9110 | D:9      | Identified the +0 robe of Wrong Decisions {Drain Str+4}
  9291 | D:9      | Found a staircase to the Lair.
  9291 | D:9      | Noticed a death yak
  9291 | D:9      | Noticed a death yak
  9291 | D:9      | Noticed a death yak
  9300 | D:9      | Killed a death yak
  9301 | D:9      | Reached skill level 10 in Axes
  9309 | D:9      | Killed a death yak
  9312 | D:9      | Killed a death yak
  9313 | D:9      | Reached skill level 10 in Shields
  9928 | D:10     | Entered Level 10 of the Dungeon
  9928 | D:10     | Reached **** piety under the Shining One
  9928 | D:10     | Found a staircase to the Orcish Mines.
 10613 | D:11     | Noticed Psyche
 10618 | D:11     | Killed Psyche
 10738 | D:11     | Reached XP level 12. HP: 84/95 MP: 17/17
 11193 | D:11     | Noticed Erica
 11201 | D:11     | Killed Erica
 11673 | D:12     | Noticed a boulder beetle
 11683 | D:12     | Killed a boulder beetle
 11827 | D:12     | Noticed a two-headed ogre
 11836 | D:12     | Killed a two-headed ogre
 11893 | D:12     | Noticed Frances
 11913 | D:12     | Killed from afar by Frances

Illustrated notes

Levels and vault maps discovered:
D:1:      ncdulo_wetmaze, layout_loops_ring
D:2:      layout_basic, bh_walls_and_bars
D:3:      layout_rooms, serial_shops, shop,
          hellmonk_ecumenical_altar_heavens_door, dreamdust_princess_corridor
D:4:      layout_loops_cross, minmay_misc_feat_square, corexii_shack
D:5:      layout_basic, old_standard_altar, tso_metal_star
D:6:      lemuel_insect_pit, layout_loops_ring,
          chequers_temple_overflow_minitemple, abandoned_shop,
          minmay_quadrilaterals
D:7:      layout_loops_ring, minmay_temple_entry_crystal_x,
          nicolae_ossuary_entry_false_entrances, minivault_22
D:8:      layout_layer_cave, enter_bailey_4
D:9:      layout_basic, dpeg_lair_monsters
D:10:     layout_gridville, orc_0_dummy
D:11:     layout_irregular_city, corexii_checkpoint_b, uniq_psyche, uniq_erica
D:12:     layout_loops_ring, nzn_life_drinkers, uniq_frances

Skill      XL: |  1  2  3  4  5  6  7  8  9 10 11 12 |
---------------+-------------------------------------+-----
Axes           | 3 4 5 6 8 9 11 | 11.8
Fighting       | 4 5 6 8 9 |  9.6
Armour         | 4 5 6 8 9 |  9.6
Shields        | 5 6 7 8 9 10 11 | 11.2
Invocations    | 2 4 6 7 8 |  8.5

Action                     |  1- 3 |  4- 6 |  7- 9 | 10-12 || total
---------------------------+-------+-------+-------+-------++-------
  Melee: War axe           |    65 |     9 |    14 |       ||    88
         Dagger            |    46 |   181 |   155 |       ||   382
         Battleaxe         |       |       |   158 |   238 ||   396
  Throw: Dart              |       |       |       |     2 ||     2
 Invoke: Divine Shield     |       |       |       |     3 ||     3
Ability: Dig               |     2 |       |       |       ||     2
    Use: Scroll            |       |     4 |     4 |     5 ||    13
         Potion            |       |       |       |     2 ||     2
 Armour: Scale mail        |    61 |    64 |    27 |       ||   152
         Chain mail        |       |       |   105 |     5 ||   110
         Crystal plate arm |       |       |       |   148 ||   148
  Dodge: Dodged            |    47 |    59 |   115 |    78 ||   299
  Block: Buckler           |    26 |       |       |       ||    26
         Kite shield       |    20 |   102 |   215 |   197 ||   534

Table legend: (Time is in decaauts)
 A = Elapsed time spent in this place.
 B = Non-inter-level travel time spent in this place.
 C = Inter-level travel time spent in this place.
 D = Time resting spent in this place.
 E = Time spent auto-exploring this place.
 F = Levels seen in this place.
 G = Mean time per level.
                   A        B        C        D        E       F      G
               +--------+--------+--------+--------+--------+-----+--------+
         Total |  12136 |  11741 |    395 |   1337 |   7270 |  14 |  866.9 |
       Dungeon |  11127 |  10732 |    395 |    980 |   7232 |  12 |  927.2 |
       Ossuary |    183 |    183 |      0 |      0 |      0 |   1 |  183.0 |
        Bailey |    824 |    824 |      0 |    357 |     37 |   1 |  824.0 |
               +--------+--------+--------+--------+--------+-----+--------+

Top non-repeatable levels by time:
     D:5: 1313 daAuts
     D:9: 1263 daAuts
     D:6: 1221 daAuts
     D:2: 1060 daAuts
     D:4: 983 daAuts
     D:1: 961 daAuts
    D:11: 939 daAuts
     D:8: 907 daAuts
     D:7: 831 daAuts
  Bailey: 824 daAuts
    D:10: 679 daAuts
     D:3: 590 daAuts
    D:12: 376 daAuts
 Ossuary: 183 daAuts
